details: 'great 1v1 vs hu'

« prev index next »

General information

Mini Map

Players

team 1
HumanMrAGizzarelli (orange | 86 APM | 2234 actions | 25:53)
Hero icon 3 Archmage
Ability icon 2 Summon Water Elemental
Ability icon 1 Brilliance Aura
Hero icon 2 Mountain King
Ability icon 1 Storm Bolt
Ability icon 1 Bash

» actions
Assign group hotkey67
Basic commands92
Build / train142
ESC pressed1
Enter build submenu37
Enter hero's abilities submenu5
Give item / drop item1
Right click737
Select / deselect414
Select group hotkey639
Use ability98
2234 total
» units
Peasant30
Footman20
Rifleman11
Flying Machine20
Sorceress10
Mortar Team4
Priest2
Siege Engine1
Knight6
Spell Breaker2
106 total
» upgrades
Lumber Harvesting1
Sorceress Training2
Flak Cannons1
4 total
» buildings
Altar of Kings1
Barracks1
Farm9
Scout Tower18
Arcane Tower2
Lumber Mill1
Town Hall1
Guard Tower12
Arcane Vault1
Keep1
Blacksmith1
Arcane Sanctum1
Castle2
Workshop1
52 total
» build order
00:06 Altar of Kings
00:21 Barracks
00:37 Farm
00:52 Farm
01:32 Farm
02:35 Scout Tower
03:49 Arcane Tower
03:52 Lumber Mill
04:25 Farm
05:26 Scout Tower
05:29 Scout Tower
05:31 Scout Tower
05:33 Scout Tower
05:36 Scout Tower
05:39 Town Hall
05:41 Scout Tower
06:00 Guard Tower
06:01 Guard Tower
06:06 Guard Tower
06:15 Arcane Tower
06:37 Scout Tower
06:38 Scout Tower
06:46 Farm
07:07 Arcane Vault
07:46 Keep
07:54 Guard Tower
08:22 Blacksmith
08:45 Guard Tower
08:52 Farm
08:53 Farm
09:06 Scout Tower
09:07 Scout Tower
09:53 Guard Tower
10:23 Arcane Sanctum
10:28 Guard Tower
10:30 Scout Tower
10:38 Scout Tower
10:39 Scout Tower
10:41 Scout Tower
11:00 Castle
11:19 Guard Tower
11:30 Workshop
11:54 Guard Tower
11:58 Guard Tower
14:07 Castle
16:20 Farm
17:19 Farm
22:05 Scout Tower
22:05 Scout Tower
22:38 Guard Tower
23:22 Scout Tower
25:02 Guard Tower
» items
Scroll of Regeneration3
Mechanical Critter1
Scroll of Town Portal1
5 total
team 2
Undeadumm (teal | 171 APM | 4456 actions | 26:02)
Hero icon 5 Death Knight
Ability icon 3 Death Coil
Ability icon 2 Unholy Aura
Hero icon 7 Lich
Ability icon 3 Frost Nova
Ability icon 3 Dark Ritual
Ability icon 1 Death and Decay

» actions
Assign group hotkey33
Basic commands97
Build / train52
ESC pressed2
Enter build submenu18
Enter hero's abilities submenu12
Give item / drop item1
Right click2055
Select / deselect308
Select group hotkey1776
Use ability102
4456 total
» units
Acolyte4
Ghoul7
Frost Wyrm7
Meatwagon7
25 total
» upgrades
Creature Attack1
1 total
» buildings
Crypt1
Altar of Darkness1
Ziggurat7
Tomb of Relics1
Halls of the Dead1
Nerubian Tower1
Graveyard1
Black Citadel1
Sacrificial Pit1
Spirit Tower1
Boneyard2
Slaughterhouse1
19 total
» build order
00:13 Crypt
00:18 Altar of Darkness
00:35 Ziggurat
01:04 Tomb of Relics
01:25 Ziggurat
02:39 Halls of the Dead
03:32 Nerubian Tower
03:38 Ziggurat
04:36 Graveyard
05:02 Black Citadel
05:41 Sacrificial Pit
07:02 Spirit Tower
07:28 Boneyard
07:30 Boneyard
07:34 Ziggurat
08:12 Ziggurat
08:36 Slaughterhouse
13:43 Ziggurat
16:28 Ziggurat
» items
Rod of Necromancy2
Scroll of Town Portal3
Potion of Mana1
Orb of Corruption1
7 total